 Dungeon Crawl Stone Soup version 0.30-a0-883-g5ad918d77d (webtiles) character file.

Game seed: 16874943359051116092

38206 Hubris850 the Destroyer (level 13, 0/86 HPs)
             Began as a White Draconian Conjurer on Mar 16, 2023.
             Was an Elder of Vehumet.
             Slain by an eight-headed hydra (11 damage)
             ... on level 5 of the Lair of Beasts.
             The game lasted 01:24:29 (20101 turns).

Hubris850 the Destroyer (White Draconian Conjurer) Turns: 20101, Time: 01:24:30

Health: 0/86       AC: 14    Str:  9    XL:     13   Next: 62%
Magic:  19/29      EV: 12    Int: 25    God:    Vehumet [****..]
Gold:   464        SH: 10    Dex: 13    Spells: 0/37 levels left

rFire   + . .      SeeInvis .    b - +1 quick blade (flame)
rCold   + + +      Faith    .    k - +1 buckler
rNeg    . . .      Spirit   .    (body armour unavailable)
rPois   +          Reflect  +    y - +1 hat
rElec   +          Rampage  .    J - scarf {rC+ rF+}
rCorr   .                        O - +2 pair of gloves
Will    +....                    D - +1 pair of boots "Toloz" {rElec Dex+4}
Stlth   ++                       h - amulet of the Jester {Reflect rElec rC+ SH+5}
HPRegen 0.34/turn                i - ring of poison resistance
MPRegen 0.21/turn                F - ring of willpower

@: about to teleport
A: breathe frost, AC +8, unfitting armour, cold resistance 1, cold-blooded
a: Breathe Frost, Renounce Religion


You were on level 5 of the Lair of Beasts.
You worshipped Vehumet.
Vehumet was greatly pleased with you.
You visited 3 branches of the dungeon, and saw 17 of its levels.

You collected 964 gold pieces.
You spent 500 gold pieces at shops.

Inventory:

Hand Weapons
 b - a +1 quick blade of flaming (weapon)
Missiles
 z - 18 poisoned darts
 H - 4 javelins
 Q - 6 curare-tipped darts
Armour
 k - a +1 buckler (worn)
 x - a +0 pair of gloves
 y - a +1 hat (worn)
 D - the +1 pair of boots "Toloz" (worn) {rElec Dex+4}
   (You bought it in a shop on level 2 of the Dungeon)

   Dex:       It affects your dexterity (+4).
   rElec:     It insulates you from electricity.
 J - a scarf of resistance (worn)
 M - a scarf of repulsion
 O - a +2 pair of gloves (worn)
 Z - an orb of energy
Magical Staves
 a - a staff of poison
 w - a staff of air
 B - a staff of death
Jewellery
 h - the amulet of the Jester (around neck) {Reflect rElec rC+ SH+5}
   (You found it on level 4 of the Dungeon)

   [amulet of reflection]

   It reflects blocked missile attacks.
   rC:        It protects you from cold.
   rElec:     It insulates you from electricity.
   SH:        It affects your SH (+5).
 i - a ring of poison resistance (left hand)
 j - a ring of resist corrosion
 F - a ring of willpower (right hand)
 G - an amulet of magic regeneration
 I - a ring of flight
 K - a ring of magical power
 S - an amulet of regeneration
 T - a +6 ring of strength
Wands
 s - a wand of digging (5)
 Y - a wand of flame (10)
Scrolls
 c - a scroll of amnesia
 e - 4 scrolls of fog
 g - 4 scrolls of immolation
 o - a scroll of magic mapping
 q - 3 scrolls of torment
 r - 2 scrolls of blinking
 A - 3 scrolls of teleportation
 P - a scroll of vulnerability
 X - a scroll of enchant armour
Potions
 d - 2 potions of lignification
 f - 3 potions of ambrosia {unknown}
 l - 2 potions of cancellation
 n - 4 potions of might
 p - a potion of haste
 u - 6 potions of heal wounds
 v - 3 potions of attraction
 C - 3 potions of flight
 E - 3 potions of curing
 V - a potion of mutation
Miscellaneous
 R - a tin of tremorstones (2/2)
 W - a phantom mirror


   Skills:
 - Level 8.0 Short Blades
 - Level 3.5 Dodging
 - Level 3.0 Stealth
 - Level 3.0 Shields
 + Level 12.7 Spellcasting
 + Level 13.2 Conjurations
 - Level 3.0 Hexes
 - Level 3.0 Summonings
 - Level 7.5 Ice Magic
 - Level 5.0 Earth Magic
 - Level 7.0 Poison Magic


You couldn't memorise any spells.
You knew the following spells:

 Your Spells              Type           Power      Damage    Failure   Level
a - Magic Dart            Conj           100%       1d8       0%          1
b - Eringya's Noxious Bo  Tmut/Pois      16%        N/A       41%         6
c - Fulminant Prism       Conj/Hex       27%        3d14      1%          4
d - Mephitic Cloud        Conj/Pois/Air  49%        N/A       1%          3
e - Summon Small Mammal   Summ           100%       N/A       1%          1
f - Poisonous Vapours     Pois/Air       66%        N/A       1%          2
g - Iskenderun's Mystic   Conj/Tloc      48%        2d11      1%          4
h - Olgreb's Toxic Radia  Pois           50%        N/A       1%          4
i - Ignite Poison         Fire/Tmut/Pois 27%        N/A       1%          3
j - Iron Shot             Conj/Erth      28%        9d6       5%          6
k - Frozen Ramparts       Ice            100%       1d16      1%          3

Your spell library contained the following spells:

 Spells                   Type           Power      Damage    Failure   Level
 Sting                    Tmut/Pois      100%       1d8       1%          1
 Searing Ray              Conj           100%       2d8       1%          2
 Dazzling Flash           Conj/Hex       100%       N/A       1%          3
 Hailstorm                Conj/Ice       61%        3d13      1%          3
 Flame Wave               Conj/Fire      48%        2d12      1%          4
 Sticky Flame             Conj/Fire      48%        2d7       1%          4
 Call Imp                 Summ           30%        N/A       2%          2
 Cigotuvi's Dreadful Rot  Necr/Pois/Air  54%        N/A       2%          2
 Inner Flame              Hex/Fire       23%        N/A       2%          3
 Apportation              Tloc           30%        N/A       4%          1
 Necrotise                Necr           60%        1d7       4%          1
 Call Canine Familiar     Summ           30%        N/A       4%          3
 Portal Projectile        Hex/Tloc       46%        N/A       8%          3
 Leda's Liquefaction      Hex/Erth       17%        N/A       10%         4
 Ice Form                 Ice/Tmut       34%        N/A       11%         4
 Vampiric Draining        Necr           15%        2d7       14%         3
 Summon Lightning Spire   Summ/Air       23%        N/A       26%         4
 Agony                    Necr           15%        N/A       80%         5
 Blade Hands              Tmut           7%         N/A       80%         5
 Simulacrum               Ice/Necr       17%        N/A       85%         6
 Storm Form               Tmut/Air       7%         N/A       100%        7
 Ignition                 Fire           7%         3d5       100%        8
 Maxwell's Capacitive Co  Air            7%         ∞         100%        8
 Animate Armour           Summ/Erth      Unusable   N/A       N/A         4

Dungeon Overview and Level Annotations

Branches:
Dungeon (11/15)            Temple (1/1) D:4            Lair (5/5) D:9
  Swamp (0/4) Lair:3       Spider (0/4) Lair:3
  Slime: Lair:4-5       Orc: D:9-12

Altars:
Ashenzari
Cheibriados
Dithmenos
Elyvilon
Fedhas
Gozag
Hepliaklqana
Kikubaaqudgha
Makhleb
Nemelex Xobeh
Okawaru
Qazlal
Ru
Sif Muna
Vehumet
Wu Jian
Xom
The Shining One
Jiyva

Shops:
D:2 *![!   D:3 [   D:7 =:[   D:8 :

Annotations:
D:5 1 runed translucent door, BillyBaka's ghost, amateur GnHu
D:7 3 runed translucent doors, Brisketman's ghost, novice GnAr
Lair:2 3 runed translucent doors, Palms's ghost, journeyman DsNe


Innate Abilities, Weirdness & Mutations

You can breathe waves of freezing cold which knock back foes.
Your icy white scales are hard. (AC +8)
You cannot fit into any form of body armour.
Your flesh is cold resistant. (rC+)
You are cold-blooded and may be slowed by cold attacks.


Message History

Confirm with . or Enter, or press ? or * to list all spells.
You erupt in a blast of force!
The mystic blast hits the blink frog!
The blink frog is severely wounded.
The blink frog is knocked back by the mystic blast.
The mystic blast hits the black mamba.
The black mamba is lightly wounded.
The black mamba is knocked back by the mystic blast.
The black mamba slams into the rock wall!
The black mamba is lightly wounded.
The mystic blast hits the blink frog!
You kill the blink frog!
Vehumet accepts your kill.
You feel your power returning.
The mystic blast hits the eight-headed hydra!
The eight-headed hydra is moderately wounded.
The eight-headed hydra is knocked back by the mystic blast.
The jelly quivers.
You hear an angry hiss.
You hear a loud, deep croak!
You hear an angry hiss.
You hear a roar!
You hear a bellow! x2; You hear an angry hiss.
A jelly comes into view.
A komodo dragon comes into view.
Unknown command.
As you read the scroll of teleportation, it crumbles to dust.
You feel strangely unstable.
The komodo dragon is poisoned.
You kill the blink frog!
Vehumet accepts your kill.
You feel your power returning.
The yak looks even sicker.
The black mamba bites you!
* * * LOW HITPOINT WARNING * * *
You block the black mamba's attack.
A jelly comes into view.
The black mamba attacks as you move away!
The black mamba misses you.
Your toxic aura wanes.
A komodo dragon comes into view.
The black mamba bites you!
* * * LOW HITPOINT WARNING * * *
The eight-headed hydra attacks as you move away!
The eight-headed hydra bites you but does no damage.
The eight-headed hydra bites you!
You die...

#..... .....
.#....... #.....
.#.#....l###......
.........#.#......
♣.........#..Y....
♣.................
♣♣................
.........SD.......
♣.......@......J#
♣♣.♣.......J.....
♣.♣...##.#....? ♣.
♣(..####.J...
♣.♣...# ....
...♣...# .l.
♣.♣♣♣♣..## ... ♣♣♣
♣..# .. ♣♣..#


You could see an eight-headed hydra, a komodo dragon, a black mamba, a yak (very
poisoned) and 3 jellies.

Vanquished Creatures
  Gastronok (D:9)
  4 hydras
  Erolcha (D:9)
  3 two-headed ogres
  A boulder beetle (Lair:2)
  11 death yaks
  2 skysharks (Lair:4)
  Sonja (Lair:4)
  A swamp dragon (Lair:3)
  A lindwurm (Lair:4)
  Pikel (D:7)
  A manticore (D:11)
  An oklob plant (Lair:3)
  6 elephants
  3 black mambas
  Maggie (D:7)
  6 cane toads
  3 komodo dragons
  A polar bear (Lair:1)
  A meliai (Lair:3)
  A troll (D:7)
  11 blink frogs
  Prince Ribbit (D:7)
  6 wyverns
  29 yaks
  A shadow (D:8)
  A vampire mosquito (D:10)
  13 water moccasins
  Duvessa (D:7)
  A sky beast (D:7)
  3 black bears (D:6)
  An orc warrior (D:10)
  2 ice beasts (D:5)
  20 wolves
  2 lemures (D:7)
  5 centaurs
  A kobold brigand (D:8)
  9 bullfrogs
  A necrophage (D:6)
  A water moccasin zombie (D:6)
  A scorpion (D:3)
  11 wights
  Dowan (D:7)
  15 killer bees
  4 electric eels
  2 bullfrog zombies (D:6)
  A human zombie (D:6)
  2 jellies (D:2)
  A centaur zombie (D:6)
  5 hounds
  A gnoll bouda (D:4)
  6 orc priests
  4 iguanas
  11 orc wizards
  A sleepcap (D:4)
  2 mummies (D:6)
  3 howler monkey zombies (D:6)
  6 adders
  7 gnolls
  3 shadow imps
  2 ufetubi
  2 dart slugs
  26 orcs
  4 ball pythons
  3 bats
  14 endoplasms
  A giant cockroach (D:1)
  9 goblins
  5 hobgoblins
  6 jackals (D:3)
  13 kobolds
  3 quokkas
  A frilled lizard (D:1)
  8 rats
  A bush (Lair:3)
345 creatures vanquished.

Vanquished Creatures (collateral kills)
  A vampire mosquito (D:10)
1 creature vanquished.

Vanquished Creatures (others)
  A water moccasin (Lair:3)
  A bullfrog (D:8)
  32 fulminant prisms
  12 fungi
  25 plants
  10 toadstools (D:2)
81 creatures vanquished.

Grand Total: 427 creatures vanquished

Notes
Turn   | Place    | Note
-------+----------+-------------------------------------------
     0 | D:1      | Hubris850 the Draconian Conjurer began the quest for the
                  | Orb.
     0 | D:1      | Reached XP level 1. HP: 14/14 MP: 3/3
   179 | D:1      | Reached XP level 2. HP: 20/20 MP: 0/5
   819 | D:2      | Found Syatha's Distillery.
   855 | D:2      | Bought a potion of degeneration for 13 gold pieces
   943 | D:2      | Found Qyloerae's Distillery.
   949 | D:2      | Found Hityfaha's Antique Armour Shop.
   992 | D:2      | Reached XP level 3. HP: 26/26 MP: 0/6
   995 | D:2      | Learned a level 2 spell: Searing Ray
  1292 | D:2      | Reached skill level 1 in Shields
  1339 | D:2      | Found Wuess's Assorted Antiques.
  1615 | D:2      | Reached XP level 4. HP: 33/33 MP: 0/7
  2076 | D:3      | Reached XP level 5. HP: 38/38 MP: 7/9
  2081 | D:3      | Learned a level 4 spell: Fulminant Prism
  2274 | D:3      | Found a faded altar of an unknown god.
  2583 | D:3      | Found Ebru's Armour Emporium.
  3037 | D:4      | Reached skill level 1 in Hexes
  3037 | D:4      | Reached XP level 6. HP: 22/45 MP: 1/10
  3495 | D:4      | Found a shadowy altar of Dithmenos.
  3506 | D:4      | Reached skill level 5 in Conjurations
  3543 | D:4      | Found a glowing golden altar of the Shining One.
  3594 | D:4      | You fall into a shaft and drop 3 floors!
  3677 | D:6      | Your scales start taking on an icy white colour.
  3677 | D:6      | Reached XP level 7. HP: 41/50 MP: 1/12
  3677 | D:6      | Gained mutation: Your flesh is cold resistant. (rC+) [White
                  | Draconian growth]
  3766 | D:5      | Entered Level 5 of the Dungeon
  3906 | D:5      | Learned a level 3 spell: Hailstorm
  3923 | D:5      | Found a runed translucent door.
  3951 | D:5      | Noticed BillyBaka's ghost (amateur GnHu)
  4038 | D:5      | Reached skill level 1 in Ice Magic
  4237 | D:4      | Identified the amulet of the Jester {Reflect rElec rC+
                  | SH+5}
  4390 | D:4      | Found a staircase to the Ecumenical Temple.
  4396 | Temple   | Entered the Ecumenical Temple
  4496 | Temple   | Became a worshipper of Vehumet
  4788 | D:2      | Bought a pair of scorched boots for 247 gold pieces
  4788 | D:2      | Identified the +1 pair of boots "Toloz" {rElec Dex+4} (You
                  | bought it in a shop on level 2 of the Dungeon)
  5557 | D:6      | Reached XP level 8. HP: 57/57 MP: 10/14
  5559 | D:6      | Learned a level 1 spell: Summon Small Mammal
  5712 | D:6      | Reached skill level 6 in Conjurations
  5754 | D:6      | Reached skill level 1 in Summonings
  6589 | D:6      | Reached skill level 5 in Spellcasting
  6641 | D:6      | Reached * piety under Vehumet
  6641 | D:6      | Offered knowledge of Foxfire by Vehumet.
  6753 | D:6      | Found an ancient bone altar of Kikubaaqudgha.
  7008 | D:6      | Reached skill level 7 in Conjurations
  7448 | D:7      | Reached XP level 9. HP: 60/62 MP: 8/17
  7664 | D:7      | Noticed Prince Ribbit
  7683 | D:7      | Killed Prince Ribbit
  7704 | D:7      | Learned a level 2 spell: Poisonous Vapours
  7792 | D:7      | Noticed a troll
  7803 | D:7      | Killed a troll
  7804 | D:7      | Reached skill level 5 in Ice Magic
  7804 | D:7      | Reached skill level 1 in Poison Magic
  7962 | D:7      | Reached ** piety under Vehumet
  8018 | D:7      | Offered knowledge of Kiss of Death by Vehumet.
  8053 | D:7      | Found Cicaty's Jewellery Shop.
  8101 | D:7      | Noticed Pikel
  8112 | D:7      | Killed Pikel
  8113 | D:7      | Reached skill level 8 in Conjurations
  8403 | D:7      | Noticed Dowan
  8403 | D:7      | Noticed Duvessa
  8410 | D:7      | Killed Duvessa
  8413 | D:7      | Killed Dowan
  8546 | D:7      | Found Ciafoi's Book Shop.
  8597 | D:7      | Found Biymam's Antique Armour Boutique.
  8833 | D:7      | Found a runed translucent gate.
  8833 | D:7      | Found a runed translucent gate.
  8834 | D:7      | Found a runed translucent gate.
  8837 | D:7      | Noticed Brisketman's ghost (novice GnAr)
  8837 | D:7      | Noticed a spectral unseen horror
  8843 | D:7      | Noticed Maggie
  9146 | D:7      | Learned a level 4 spell: Iskenderun's Mystic Blast
  9526 | D:8      | Offered knowledge of Mephitic Cloud by Vehumet.
  9531 | D:8      | Reached XP level 10. HP: 30/69 MP: 10/20
  9865 | D:8      | Learned a level 4 spell: Olgreb's Toxic Radiance
  9903 | D:7      | Bought a pair of embroidered gloves for 240 gold pieces
 10039 | D:7      | HP: 3/69 [Maggie/+3 war axe of pain (2)]
 10052 | D:7      | Killed Maggie
 10365 | D:8      | Reached skill level 9 in Conjurations
 10535 | D:8      | Found Eceniwuafo's Self-Improvement Boutique.
 10557 | D:8      | Learned a level 3 spell: Mephitic Cloud
 10572 | D:8      | Noticed a two-headed ogre
 10589 | D:8      | Killed a two-headed ogre
 11020 | D:9      | Noticed Gastronok
 11064 | D:9      | Killed Gastronok
 11065 | D:9      | Reached skill level 5 in Poison Magic
 11069 | D:9      | Noticed a two-headed ogre
 11105 | D:9      | Killed a two-headed ogre
 11168 | D:9      | Noticed Erolcha
 11229 | D:9      | Killed Erolcha
 11230 | D:9      | Reached XP level 11. HP: 60/74 MP: 4/24
 11250 | D:8      | Reached *** piety under Vehumet
 11574 | D:9      | Reached skill level 5 in Short Blades
 12113 | D:9      | Found a staircase to the Lair.
 12275 | Lair:1   | Entered Level 1 of the Lair of Beasts
 12299 | D:10     | Entered Level 10 of the Dungeon
 12305 | D:10     | Offered knowledge of Airstrike by Vehumet.
 12531 | D:10     | Noticed a two-headed ogre
 12548 | D:10     | Killed a two-headed ogre
 13085 | D:10     | Found a burning altar of Makhleb.
 13085 | D:10     | Noticed an Executioner
 13245 | D:10     | Found an ornate altar of the Wu Jian Council.
 14042 | Lair:1   | Reached **** piety under Vehumet
 14047 | Lair:1   | Learned a level 3 spell: Ignite Poison
 14296 | Lair:1   | Offered knowledge of Frozen Ramparts by Vehumet.
 15005 | Lair:2   | Noticed a six-headed hydra
 15015 | Lair:2   | Killed a six-headed hydra
 15026 | Lair:2   | Reached XP level 12. HP: 81/81 MP: 15/25
 15156 | Lair:2   | Noticed a death yak
 15157 | Lair:2   | Noticed a death yak
 15159 | Lair:2   | Noticed a death yak
 15161 | Lair:2   | Noticed a death yak
 15167 | Lair:2   | Killed a death yak
 15167 | Lair:2   | Killed a death yak
 15168 | Lair:2   | Reached skill level 10 in Spellcasting
 15168 | Lair:2   | Reached skill level 10 in Conjurations
 15198 | Lair:2   | Killed a death yak
 15211 | Lair:2   | Killed a death yak
 15423 | Lair:2   | Found a runed translucent gate.
 15423 | Lair:2   | Found a runed translucent gate.
 15423 | Lair:2   | Found a runed translucent gate.
 15424 | Lair:2   | Found a viscous altar of Jiyva.
 15424 | Lair:2   | Noticed Palms's ghost (journeyman DsNe)
 15549 | Lair:2   | Noticed a four-headed hydra
 15568 | Lair:2   | Killed a four-headed hydra
 16045 | Lair:2   | Noticed a boulder beetle
 16049 | Lair:2   | Killed a boulder beetle
 16050 | Lair:2   | Reached skill level 11 in Conjurations
 16082 | Lair:2   | You fall into a shaft and drop 1 floor!
 16381 | Lair:3   | Learned a level 6 spell: Iron Shot
 16385 | Lair:3   | Learned a level 3 spell: Frozen Ramparts
 16490 | Lair:3   | Reached skill level 1 in Earth Magic
 16651 | Lair:3   | Noticed a death yak
 16652 | Lair:3   | Noticed a death yak
 16654 | Lair:3   | Noticed a death yak
 16656 | Lair:3   | Noticed a death yak
 16658 | Lair:3   | Killed a death yak
 16659 | Lair:3   | Killed a death yak
 16659 | Lair:3   | Reached ***** piety under Vehumet
 16663 | Lair:3   | Killed a death yak
 16663 | Lair:3   | Offered knowledge of Eringya's Noxious Bog by Vehumet.
 16666 | Lair:3   | Killed a death yak
 16917 | Lair:3   | Found a hole to the Spider Nest.
 16950 | Lair:3   | Reached XP level 13. HP: 86/86 MP: 19/28
 17238 | Lair:3   | Found a staircase to the Swamp.
 17242 | Lair:3   | Reached skill level 12 in Conjurations
 18516 | Lair:4   | Reached skill level 5 in Earth Magic
 18838 | Lair:4   | Noticed Sonja
 18841 | Lair:4   | Killed Sonja
 19570 | Lair:5   | Entered Level 5 of the Lair of Beasts
 19605 | Lair:5   | Reached skill level 13 in Conjurations
 19647 | Lair:5   | Learned a level 6 spell: Eringya's Noxious Bog
 20101 | Lair:5   | Slain by an eight-headed hydra

Illustrated notes

Levels and vault maps discovered:
D:1:      lemuel_arrival_funnel, layout_basic
D:2:      cheibrodos_fertilizer, layout_rooms, serial_shops,
          nicolae_shop_hallway_plus, nicolae_square_shop, shop, shop
D:3:      layout_basic, serial_shops, nicolae_diamond_shop,
          shapermc_ecumenical_altar_mp_ritualfount
D:4:      layout_loops_ring, mainiacjoe_overflow_two_lobes,
          minmay_temple_entry_fiery, minmay_misc_feat_secret_circle,
          nicolae_concentric_dashed_squares_wild
D:5:      layout_loops_ring, ebering_ghost_sewer_d,
          kennysheep_opposing_triangles
D:6:      layout_gridville, lemuel_mausoleum_altar_kikubaaqudgha
D:7:      layout_loops_ring, serial_shops, nicolae_square_shop,
          nicolae_shop_window_shopping, kennysheep_mini_moat,
          gammafunk_ghost_necromancy, nicolae_sextant, uniq_duvessa, uniq_pikel,
          uniq_prince_ribbit1, uniq_maggie
D:8:      layout_rooms, grunt_ministairs_8, nrook_pool_corridor, hex_large,
          minmay_misc_feat_five, chequers_serial_rivers_micro_d,
          nicolae_shop_self_help
D:9:      layout_cave_pools, lair_entry_dummy, uniq_erolcha, uniq_gastronok
D:10:     layout_basic, makhleb_altar_promises_db,
          pdpol_wu_jian_five_deadly_venoms
D:11:     layout_basic
Temple:   bh_familiar_temple
Lair:1:   layout_cave_pods, serial_bayou_lagoon_a
Lair:2:   layout_regular_city, gammafunk_ghost_ooze,
          chequers_serial_rivers_micro_e, serial_bayou_shore_b,
          infiniplex_staircase_pool_2
Lair:3:   layout_regular_city, minmay_swamp_entry_reptiles,
          hellmonk_spider_entry_not_the_bees, minmay_lair_oklob_bushes,
          grunt_megastairs_3
Lair:4:   layout_concentric_octagons, ldierk_geyser, infiniplex_staircase_pool,
          serial_bayou_shore_a, uniq_sonja
Lair:5:   grunt_lair_end_beastmaster, layout_long_grid,
          minmay_slime_entry_jelly_boxes, ebering_ghost_rock_garden,
          wad_woods_river_01

Skill      XL: |  1  2  3  4  5  6  7  8  9 10 11 12 13 |
---------------+----------------------------------------+-----
Stealth        | 2 3 |  3.0
Dodging        | 2 3 |  3.5
Shields        | 1 2 3 |  3.0
Spellcasting   | 3 4 5 7 9 11 12 | 12.7
Hexes          | 1 3 |  3.0
Conjurations   | 5 7 8 9 11 13 | 13.2
Ice Magic      | 2 4 6 7 |  7.5
Summonings     | 3 |  3.0
Poison Magic   | 3 6 7 |  7.0
Short Blades   | 2 8 |  8.0
Earth Magic    | 3 5 |  5.0

Action                     |  1- 3 |  4- 6 |  7- 9 | 10-12 | 13-15 || total
---------------------------+-------+-------+-------+-------+-------++-------
  Melee: Unarmed           |    15 |       |       |       |       ||    15
         Tailslap          |     3 |    10 |    28 |   120 |    36 ||   197
         Dagger            |     2 |    43 |   142 |    78 |       ||   265
         Short sword       |       |    19 |       |       |       ||    19
         Quick blade       |       |       |     1 |   531 |   155 ||   687
         Staff             |       |       |       |    36 |    17 ||    53
  Throw: Dart              |       |       |     5 |    15 |       ||    20
   Cast: Magic Dart        |    69 |    83 |   211 |   122 |    13 ||   498
         Searing Ray       |     1 |     7 |    31 |    16 |       ||    55
         Fulminant Prism   |       |       |    10 |    20 |     2 ||    32
         Poisonous Vapours |       |       |     2 |    12 |     7 ||    21
         Olgreb's Toxic Ra |       |       |       |    38 |    19 ||    57
         Iskenderun's Myst |       |       |       |     7 |     1 ||     8
         Summon Small Mamm |       |       |       |     3 |       ||     3
         Ignite Poison     |       |       |       |    10 |    10 ||    20
         Iron Shot         |       |       |       |     5 |    28 ||    33
         Mephitic Cloud    |       |       |       |     1 |     3 ||     4
         Eringya's Noxious |       |       |       |       |     1 ||     1
Ability: Breathe Frost     |       |       |    10 |    22 |     2 ||    34
  Evoke: Wand              |       |       |     2 |     1 |       ||     3
    Use: Scroll            |       |     9 |     5 |    10 |     3 ||    27
         Potion            |       |       |       |     6 |       ||     6
   Stab: Sleeping          |       |       |       |     2 |       ||     2
 Armour: Skin              |     5 |    43 |   119 |   151 |    44 ||   362
  Dodge: Dodged            |    11 |    67 |   152 |   189 |    59 ||   478
  Block: Buckler           |       |    24 |   136 |   247 |    63 ||   470
         Reflection        |       |       |     3 |     2 |       ||     5

Table legend: (Time is in decaauts)
 A = Elapsed time spent in this place.
 B = Non-inter-level travel time spent in this place.
 C = Inter-level travel time spent in this place.
 D = Time resting spent in this place.
 E = Time spent auto-exploring this place.
 F = Levels seen in this place.
 G = Mean time per level.
                   A        B        C        D        E       F      G
               +--------+--------+--------+--------+--------+-----+--------+
         Total |  19706 |  18954 |    752 |   5491 |  10044 |  17 | 1159.2 |
       Dungeon |  13448 |  12862 |    586 |   3479 |   6819 |  11 | 1222.5 |
        Temple |    135 |    100 |     35 |      0 |     90 |   1 |  135.0 |
          Lair |   6122 |   5992 |    130 |   2012 |   3135 |   5 | 1224.4 |
               +--------+--------+--------+--------+--------+-----+--------+

Top non-repeatable levels by time:
     D:7: 2334 daAuts
  Lair:3: 1895 daAuts
     D:6: 1871 daAuts
     D:8: 1866 daAuts
  Lair:4: 1729 daAuts
  Lair:1: 1361 daAuts
     D:2: 1291 daAuts
     D:4: 1275 daAuts
    D:10: 1079 daAuts
     D:5: 985 daAuts
  Lair:2: 907 daAuts
     D:9: 857 daAuts
     D:3: 850 daAuts
     D:1: 817 daAuts
  Lair:5: 229 daAuts
